 Dungeon Sprint DCSS version 0.30.1-11-g7821555f0a (webtiles) character file.

Game seed: 6198752712930531728

23200 boopmooplesden the Pulveriser (level 12, -2/137 HPs)
             Began as a Minotaur Gladiator on Nov 2, 2023.
             Was the Champion of Trog.
             Slain by a wolf spider (6 damage)
             ... called by a spriggan druid
             ... while petrified by a basilisk
             ... in the Dungeon (Sprint VII: "The Pits").
             The game lasted 00:08:20 (2583 turns).

boopmooplesden the Pulveriser (Minotaur Gladiator)  Turns: 2583, Time: 00:08:20

Health: -2/137     AC: 23    Str: 30      XL:     12   Next: 69%
Magic:  1/11       EV:  2    Int:  5      God:    Trog [******]
Gold:   42         SH:  0    Dex: 11 (12) Spells: 11/11 levels left

rFire   . . .        t - +10 lajatang of the Dragonfly {flame, Contam rPois rN++ SInv}
rCold   . . .        (shield currently unavailable)
rNeg    + + +        y - +3 plate armour
rPois   ∞            c - +0 hat
rElec   .            (no cloak)
rCorr   .            x - +0 pair of gloves
SInv    +            (no boots)
Will    .....        (no amulet) Stlth
                     u - +3 ring of strength
HPRegen 0.42/turn    v - +3 ring of strength
MPRegen 0.12/turn

%: no teleportation
@: petrified, engulfed, on berserk cooldown
A: horns 2, retaliatory headbutt
a: Renounce Religion, Berserk, Trog's Hand, Brothers in Arms


You were in the Dungeon.
You worshipped Trog.
Trog was exalted by your worship.
You visited 1 branch You collected 42 gold pieces.

Inventory:

Hand Weapons
 a - a +0 quarterstaff
 l - a +2 quarterstaff
 q - a +2 quarterstaff of speed
 r - a +7 heavy quarterstaff
 t - the +10 lajatang of the Dragonfly (weapon) {flame, Contam rPois rN++ SInv}
   (Trog gifted it to you in the Dungeon)

   rPois:     It protects you from poison.
   rN:        It greatly protects you from negative energy.
   SInv:      It lets you see invisible.
   Contam:    It causes magical contamination when unequipped.
 z - a +2 lajatang of flaming
 A - the +8 quarterstaff of Ereommyoll {heavy, Drain rPois rN+ Dex+2}
   (Trog gifted it to you in the Dungeon)

   Dex:       It affects your dexterity (+2).
   rPois:     It protects you from poison.
   rN:        It protects you from negative energy.
   Drain:     It drains your maximum health when unequipped.
 B - the +6 quarterstaff of the Illusory Knives {heavy, +Blink}
   (Trog gifted it to you in the Dungeon)

   +Blink:    It lets you blink.
 L - the +8 triple sword of the World {flame, rElec Will+ Dex+2}
   (Trog gifted it to you in the Dungeon)

   Dex:       It affects your dexterity (+2).
   rElec:     It insulates you from electricity.
   Will:      It increases your willpower.
 M - the +9 quarterstaff of the Thirsty Yaks {heavy, Str+3}
   (Trog gifted it to you in the Dungeon)

   Str:       It affects your strength (+3).
Missiles
 d - 3 throwing nets (quivered)
 e - a javelin
Armour
 b - a +0 leather armour
 c - a +0 hat (worn)
 p - a +2 plate armour
 s - a +0 kite shield
 x - a +0 pair of gloves (worn)
 y - a +3 plate armour (worn)
Jewellery
 u - a +3 ring of strength (left hand)
 v - a +3 ring of strength (right hand)
 G - a ring of fire
 I - a +6 ring of intelligence
 J - a ring of ice
Wands
 N - a wand of flame (11)
Scrolls
 n - 5 scrolls of amnesia
 o - a scroll of butterflies
 C - 8 scrolls of enchant armour
 D - a scroll of fog
 E - 4 scrolls of enchant weapon
 F - a scroll of fear
 K - a scroll of magic mapping
Potions
 f - 10 potions of curing
 g - 9 potions of heal wounds
 h - 2 potions of haste
 i - 4 potions of magic
 j - 4 potions of berserk rage
 m - 2 potions of invisibility
 w - a potion of might
 H - a potion of flight


   Skills:
 + Level 21.6 Fighting
 + Level 23.2 Staves
 + Level 3.9 Throwing
 + Level 19.8 Armour
 + Level 11.5 Dodging
 + Level 1.1 Stealth


You had 11 spell levels left.
You didn't know any spells.
Your spell library was empty.

Dungeon Overview and Level Annotations

Branches:
Dungeon (1/1)

Altars:
Cheibriados
Dithmenos
Elyvilon
Fedhas
Gozag
Hepliaklqana
Makhleb
Nemelex Xobeh
Okawaru
Qazlal
Ru
Sif Muna
Trog
Vehumet
Wu Jian
Xom
Yredelemnul
Zin
The Shining One
Jiyva
Lugonu


Innate Abilities, Weirdness & Mutations

You have a pair of horns on your head.
You reflexively headbutt those who attack you in melee.


Message History

The wolf spider hits you but does no damage.
The wolf spider bites you but does no damage.
A jumping spider comes into view.
Something hits your cyclops! The storm dragon bites you!
* * * LOW HITPOINT WARNING * * *
The storm dragon barely misses you. The storm dragon tramples you.
* * * LOW HITPOINT WARNING * * *
You hold your ground!
Your cyclops barely misses the storm dragon.
The water elemental hits you. The wolf spider hits you.
* * * LOW HITPOINT WARNING * * *
The wolf spider bites you but does no damage.
The storm dragon bites you!
* * * LOW HITPOINT WARNING * * *
The storm dragon claws you!
* * * LOW HITPOINT WARNING * * *
The storm dragon tramples you but does no damage.
Something hits your cyclops!
Your cyclops dies!
Your cyclops's corpse disappears in a puff of smoke!
The wolf spider hits you.
* * * LOW HITPOINT WARNING * * *
The wolf spider bites you but does no damage.
The water elemental hits you.
A killer bee comes into view.
The storm dragon bites you but does no damage.
The storm dragon claws you.
* * * LOW HITPOINT WARNING * * *
The storm dragon barely misses you. The wolf spider hits you.
* * * LOW HITPOINT WARNING * * *
The wolf spider bites you.
* * * LOW HITPOINT WARNING * * *
The jumping spider leaps!
The water elemental hits you.
* * * LOW HITPOINT WARNING * * *
The storm dragon bites you.
* * * LOW HITPOINT WARNING * * *
The storm dragon completely misses you. The storm dragon tramples you.
* * * LOW HITPOINT WARNING * * *
You hold your ground!
The wolf spider hits you!
You die...

+..........# #..........#
######################..#....#..#
....................''..........#
....................''..........#
..################..##..#....#..#
..# #§#D#i#)#yh##......p...+ ..#
#§#§#E#s○.##..........+ ..#
#D#§#†#@#..####''####''# ..#
#E#[#§#D##..####''####''# ..#
#i#k#.#m#.#..##......##...
..################..##.#'##.##...
....................##.#|.'p##..#
....................##.)|.#.##..#
#########++###########.#)['.##..#
#########++###########.†).#.##..#
................##..##.##'#.##..#


You could see a storm dragon, a merfolk aquamancer, a wolf spider, a spriggan
druid, a water elemental, a wolf and a killer bee.

Vanquished Creatures
  A bone dragon (D)
  A deep elf master archer (D)
  Kirke (D)
  Erica (D)
  An orc high priest (D)
  A soul eater (D)
  A death yak (D)
  A naga warrior (D)
  A sun demon (D)
  A salamander mystic (D)
  A spriggan druid (D)
  3 lindwurms (D)
  A swamp dragon (D)
  2 wizards (D)
  2 deep elf zephyrmancers (D)
  An ugly thing (D)
  A cyclops (D)
  A manticore (D)
  A salamander (D)
  A smoke demon (D)
  2 molten gargoyles (D)
  2 cane toads (D)
  A naga mage (D)
  An eye of devastation (D)
  A komodo dragon (D)
  A rime drake (D)
  A red devil (D)
  A meliai (shapeshifter) (D)
  A tyrant leech (D)
  A polar bear (D)
  A snapping turtle (D)
  A wandering mushroom (D)
  2 air elementals (D)
  2 flying skulls (D)
  A ynoxinul (D)
  A spriggan (D)
  A water elemental (D)
  2 hogs (D)
  A wyvern (D)
  3 yaks (D)
  A fire bat (D)
  A basilisk (D)
  A wraith (D)
  A chaos spawn (D)
  A redback (D)
  A naga (D)
  A water moccasin (D)
  5 floating eyes (D)
  An ice beast (D)
  2 orc warriors (D)
  A swamp drake (D)
  A black bear (D)
  A centaur (D)
  An ogre (D)
  A wolf (D)
  A small abomination (D)
  A phantom (D)
  A kobold brigand (D)
  An earth elemental (D)
  A gnoll sergeant (D)
  2 scorpions (D)
  2 wights (D)
  2 crimson imps (D)
  2 iguanas (D)
  2 hell rats (D)
  6 gnolls (D)
  A white imp (D)
  An adder zombie (D)
  2 orcs (D)
  An endoplasm (D)
  A giant cockroach (D)
  2 goblins (D)
  2 hobgoblins (D)
  11 jackals (D)
  3 ball pythons (D)
  3 bats (D)
119 creatures vanquished.

Vanquished Creatures (collateral kills)
  A ghost moth (D)
  A hydra (D)
  A spriggan (D)
  A basilisk (D)
  A swamp drake (D)
5 creatures vanquished.

Vanquished Creatures (others)
  An orc (D)
1 creature vanquished.

Grand Total: 125 creatures vanquished

Notes
Turn   | Place    | Note
-------+----------+-------------------------------------------
     0 | D        | boopmooplesden the Minotaur Gladiator began the quest for
                  | the Orb.
     0 | D        | Reached XP level 1. HP: 18/18 MP: 0/0
    39 | D        | Found a bloodstained altar of Trog.
    39 | D        | Found a shimmering blue altar of Sif Muna.
    39 | D        | Found a viscous altar of Jiyva.
    39 | D        | Found a hazy altar of Hepliaklqana.
    39 | D        | Found an opulent altar of Gozag.
    40 | D        | Found a glowing golden altar of the Shining One.
    40 | D        | Found a glowing silver altar of Zin.
    40 | D        | Found a basalt altar of Yredelemnul.
    40 | D        | Found a shimmering altar of Xom.
    40 | D        | Found an ornate altar of the Wu Jian Council.
    40 | D        | Found a sacrificial altar of Ru.
    40 | D        | Found a stormy altar of Qazlal.
    40 | D        | Found an iron altar of Okawaru.
    40 | D        | Found a sparkling altar of Nemelex Xobeh.
    40 | D        | Found a burning altar of Makhleb.
    40 | D        | Found a blossoming altar of Fedhas.
    40 | D        | Found a white marble altar of Elyvilon.
    40 | D        | Found a shadowy altar of Dithmenos.
    40 | D        | Found a snail-covered altar of Cheibriados.
    42 | D        | Found a corrupted altar of Lugonu.
    42 | D        | Found a radiant altar of Vehumet.
    43 | D        | Became a worshipper of Trog the Wrathful
    52 | D        | Reached skill level 4 in Staves
    56 | D        | Reached XP level 2. HP: 17/26 MP: 1/1
    95 | D        | Reached * piety under Trog
    99 | D        | Reached skill level 5 in Staves
   100 | D        | Reached ** piety under Trog
   112 | D        | Noticed a black bear
   117 | D        | Reached *** piety under Trog
   120 | D        | Killed a black bear
   121 | D        | Reached skill level 5 in Fighting
   121 | D        | Reached skill level 8 in Staves
   121 | D        | Reached XP level 3. HP: 34/36 MP: 2/2
   121 | D        | Reached XP level 4. HP: 40/42 MP: 3/3
   228 | D        | Noticed an ice beast
   228 | D        | Noticed a gnoll sergeant
   229 | D        | Noticed a kobold brigand
   231 | D        | Noticed a flying skull
   235 | D        | Reached **** piety under Trog
   242 | D        | Reached XP level 5. HP: 48/48 MP: 4/4
   250 | D        | Killed an ice beast
   251 | D        | Reached skill level 10 in Staves
   257 | D        | Reached ***** piety under Trog
   258 | D        | Reached XP level 6. HP: 30/58 MP: 5/5
   267 | D        | Reached skill level 11 in Staves
   277 | D        | Killed a flying skull
   278 | D        | Reached skill level 12 in Staves
   287 | D        | Received a gift from Trog
   288 | D        | Reached skill level 5 in Armour
   288 | D        | Reached XP level 7. HP: 19/67 MP: 6/6
   453 | D        | Reached skill level 13 in Staves
   455 | D        | Noticed a manticore
   461 | D        | Killed a manticore
   462 | D        | Reached skill level 14 in Staves
   462 | D        | Reached skill level 10 in Dodging
   462 | D        | Reached XP level 8. HP: 55/78 MP: 7/7
   536 | D        | Paralysed by a floating eye for 4 turns
   546 | D        | Identified the +10 lajatang of the Dragonfly {flame, Contam
                  | rPois rN++ SInv} (Trog gifted it to you in the Dungeon)
   546 | D        | Received a gift from Trog
   559 | D        | Noticed a snapping turtle
   566 | D        | Killed a snapping turtle
   567 | D        | Reached skill level 10 in Fighting
   567 | D        | Reached skill level 15 in Staves
   694 | D        | Noticed a cane toad
   697 | D        | Killed a cane toad
   698 | D        | Reached skill level 16 in Staves
   698 | D        | Reached XP level 9. HP: 89/89 MP: 8/8
   699 | D        | Reached ****** piety under Trog
   699 | D        | Received a gift from Trog
   705 | D        | Noticed a polar bear
   706 | D        | Noticed a red devil
   707 | D        | Killed a polar bear
   718 | D        | Killed a red devil
   719 | D        | Reached skill level 17 in Staves
   719 | D        | Reached skill level 10 in Armour
   829 | D        | Noticed a molten gargoyle
   834 | D        | Killed a molten gargoyle
   988 | D        | Noticed a deep elf zephyrmancer
   991 | D        | Paralysed by a floating eye for 3 turns
   993 | D        | Noticed Erica
   995 | D        | Identified the +8 quarterstaff of Ereommyoll {heavy, Drain
                  | rPois rN+ Dex+2} (Trog gifted it to you in the Dungeon)
   995 | D        | Received a gift from Trog
   996 | D        | Killed a deep elf zephyrmancer
  1012 | D        | Killed Erica
  1012 | D        | Received a gift from Trog
  1013 | D        | Reached skill level 18 in Staves
  1013 | D        | Reached XP level 10. HP: 50/102 MP: 9/9
  1190 | D        | Noticed a wizard
  1197 | D        | Killed a wizard
  1201 | D        | Noticed a sun demon
  1202 | D        | Noticed an eye of devastation
  1209 | D        | Killed a sun demon
  1215 | D        | Killed an eye of devastation
  1216 | D        | Reached skill level 15 in Fighting
  1216 | D        | Reached skill level 19 in Staves
  1217 | D        | Noticed a cyclops
  1218 | D        | Noticed a death yak
  1237 | D        | Killed a death yak
  1243 | D        | Killed a cyclops
  1461 | D        | Identified the +6 quarterstaff of the Illusory Knives
                  | {heavy, +Blink} (Trog gifted it to you in the Dungeon)
  1461 | D        | Received a gift from Trog
  1461 | D        | Noticed a deep elf zephyrmancer
  1472 | D        | Killed a deep elf zephyrmancer
  1473 | D        | Noticed an orc high priest
  1474 | D        | Received a gift from Trog
  1483 | D        | Noticed a molten gargoyle
  1485 | D        | Noticed a sun demon
  1485 | D        | Noticed an orange demon
  1487 | D        | Reached XP level 11. HP: 115/115 MP: 10/10
  1487 | D        | Paralysed by a floating eye for 2 turns
  1496 | D        | Killed an orc high priest
  1496 | D        | Received a gift from Trog
  1497 | D        | Reached skill level 20 in Staves
  1499 | D        | Reached skill level 15 in Armour
  1812 | D        | Received a gift from Trog
  1823 | D        | Noticed a lindwurm
  1829 | D        | Killed a lindwurm
  1874 | D        | Noticed a lindwurm
  1885 | D        | Killed a lindwurm
  1903 | D        | Noticed a naga warrior
  1904 | D        | Noticed a salamander mystic
  1911 | D        | Reached skill level 21 in Staves
  1912 | D        | Killed a salamander mystic
  1912 | D        | Identified the +8 triple sword of the World {flame, rElec
                  | Will+ Dex+2} (Trog gifted it to you in the Dungeon)
  1912 | D        | Received a gift from Trog
  1920 | D        | Killed a naga warrior
  1924 | D        | Identified the +9 quarterstaff of the Thirsty Yaks {heavy,
                  | Str+3} (Trog gifted it to you in the Dungeon)
  1924 | D        | Received a gift from Trog
  2279 | D        | Paralysed by an air elemental for 1 turns
  2352 | D        | Noticed a soul eater
  2356 | D        | Killed a soul eater
  2361 | D        | Identified the staff of fire "Abberghadia" {rF+ Str+4 Int-3
                  | Stlth+}
  2361 | D        | Noticed Kirke
  2364 | D        | Killed Kirke
  2364 | D        | Received a gift from Trog
  2365 | D        | Reached XP level 12. HP: 130/130 MP: 11/11
  2510 | D        | Paralysed by an air elemental for 1 turns
  2515 | D        | Noticed a seven-headed hydra
  2519 | D        | Killed a seven-headed hydra
  2520 | D        | Reached skill level 22 in Staves
  2533 | D        | Noticed a bone dragon
  2535 | D        | Received a gift from Trog
  2545 | D        | Killed a bone dragon
  2556 | D        | Received a gift from Trog
  2559 | D        | Identified the ring "Udotalle" {rCorr MP+9 Str+6 Int+5
                  | SInv}
  2559 | D        | Noticed a deep elf master archer
  2562 | D        | Noticed a merfolk aquamancer
  2563 | D        | Killed a deep elf master archer
  2564 | D        | Reached skill level 23 in Staves
  2564 | D        | Reached skill level 1 in Stealth
  2567 | D        | Noticed a storm dragon
  2568 | D        | Noticed a ghost moth
  2570 | D        | HP: 3/136 [ghost moth[a spriggan druid] (6)]
  2576 | D        | Killed a ghost moth
  2583 | D        | HP: 6/137 [water elemental[a merfolk aquamancer] (1)]
  2583 | D        | Slain by a wolf spider

Illustrated notes

Levels and vault maps discovered:
D:        pitsprint [storerooms_1, entrance_room_1, metal_vault_6, armoury_2,
          mini_pit_1, grid_room_1, main_hall_1, silver_pit, the_coven_1,
          the_vestibule_1, steel_vault_5, golden_pit, hallway_of_sentries,
          crystal_vault_4, iron_vault_3, final_vault]

Skill      XL: |  1  2  3  4  5  6  7  8  9 10 11 12 |
---------------+-------------------------------------+-----
Staves         | 4 8 10 12 14 16 18 19 21 23 | 23.2
Fighting       | 3 5 6 7 9 11 13 16 19 21 | 21.6
Dodging        | 4 6 8 9 10 11 | 11.5
Armour         | 2 3 5 6 9 12 14 17 19 | 19.8
Throwing       | 3 |  3.9
Stealth        | 1 |  1.1

Action                     |  1- 3 |  4- 6 |  7- 9 | 10-12 || total
---------------------------+-------+-------+-------+-------++-------
  Melee: Quarterstaff      |    21 |    43 |    23 |       ||    87
         Headbutt          |     2 |     8 |     9 |    31 ||    50
         Lajatang          |       |       |    43 |   152 ||   195
 Invoke: Berserk           |     1 |     1 |     2 |     5 ||     9
         Brothers in Arms  |       |       |       |     3 ||     3
         Trog's Hand       |       |       |       |     1 ||     1
    Use: Potion            |       |     1 |     1 |    10 ||    12
         Scroll            |       |       |       |     1 ||     1
 Armour: Leather armour    |     9 |       |       |       ||     9
         Plate armour      |       |    19 |    30 |   127 ||   176
  Dodge: Dodged            |    30 |    16 |    35 |   113 ||   194
